AoeStats
← 江 小田

Nomad

510283481Analyzed
2v2 RM · 11h ago on Sep 30, 2026· 69m 8s· 4 players
Game mode
Random Map
Map size
176×176
Population
200
Speed
Normal
Resources
Standard
Victory
Conquest
Starting age
Dark Age
Ending age
Imperial Age
RankedLock teamsTeams togetherTeam positionsShared explorationLock speedFull tech treeHidden civsTurbo modeCheats
Victory
Defeat
🇹🇼 Huns · Taiwan
1006
+16
🇨🇳 Wu · China
899
+21
🇦🇺 Malay · Australia
1008
-19
🇦🇺 Varangians · Australia
1006
-18
江 小田
3:45 Loom
14:06 Feudal Age
15:00 Stone Mining
15:54 Gold Mining
17:50 Fletching
17:59 Double-Bit Axe
20:05 Fishing Lines
24:41 Castle Age
24:44 Bloodlines
27:37 Ballistics
27:13 Murder Holes
26:59 Treadmill Crane
28:56 Bodkin Arrow
30:22 Gillnets
35:06 Stone Shaft Mining
37:53 Imperial Age
36:01 Wheelbarrow
36:33 Husbandry
37:23 Gold Shaft Mining
37:02 Bow Saw
37:18 Scale Barding Armor
37:24 Forging
38:12 Heavy Hei Guang Cavalry
41:04 Conscription
41:56 Hand Cart
43:29 Chain Barding Armor
45:26 Horse Collar
46:39 Heavy Plow
47:45 Sitting Tiger
47:47 Red Cliffs Tactics
51:20 Town Watch
53:37 Plate Barding Armor
53:38 Iron Casting
53:03 Bracer
53:32 Town Patrol
55:40 Two-Man Saw
56:32 Chemistry
57:05 Elite Fire Archer
58:53 Blast Furnace
57:53 Padded Archer Armor
北賢龍
6:17 Loom
13:46 Feudal Age
18:16 Castle Age
18:13 Double-Bit Axe
21:54 Crossbowman
27:42 Bow Saw
27:35 Pikeman
29:26 Wheelbarrow
30:06 Gold Mining
33:20 Bloodlines
37:07 Sanctity
37:32 Fervor
47:03 Gold Shaft Mining
50:15 Squires
55:47 Horse Collar
57:25 Hand Cart
59:16 Heavy Plow
59:08 Stone Mining
63:17 Imperial Age
61:28 Padded Archer Armor
61:19 Fletching
62:31 Arson
62:47 Scale Mail Armor
62:58 Forging
63:24 Leather Archer Armor
63:07 Elite Skirmisher
64:22 Conscription
64:38 Chain Mail Armor
68:01 Thumb Ring
67:59 Light Cavalry
68:40 Husbandry
Bubba
5:35 Loom
12:25 Feudal Age
12:55 Double-Bit Axe
16:18 Bloodlines
21:31 Castle Age
20:06 Town Watch
20:57 Wheelbarrow
20:44 Fletching
24:51 Scale Barding Armor
30:05 Fishing Lines
37:04 Town Watch
37:56 Wheelbarrow
44:17 Forging
43:52 Light Cavalry
44:57 Bloodlines
44:48 Husbandry
45:12 Chain Barding Armor
48:43 Bow Saw
51:40 Hand Cart
52:39 Horse Collar
59:26 Iron Casting
63:06 Squires
64:46 Gold Mining
64:34 Pikeman
68:42 Imperial Age
66:37 Bodkin Arrow
67:42 Elite Skirmisher
Benow
4:31 Loom
16:37 Feudal Age
16:17 Fishing Lines
16:31 Double-Bit Axe
21:19 Castle Age
22:01 Husbandry
23:32 Gold Mining
23:58 Bow Saw
24:09 Scale Barding Armor
24:20 Forging
25:36 Gillnets
25:42 Gillnets
26:00 Elite Skirmisher
31:11 Stone Mining
38:26 Stone Shaft Mining
40:56 Imperial Age
41:03 Light Cavalry
43:49 Fletching
45:15 Chemistry
44:37 Ballistics
52:56 Cavalier
53:31 Elite Battle Elephant
56:56 Iron Casting
57:09 Gold Shaft Mining
59:43 Wheelbarrow
59:31 Murder Holes
59:56 Elite Karambit Warrior
61:35 Forced Levy
67:15 Hand Cart
69:19 Blast Furnace
69:19 Squires
Connection lost

Rejoining the realm…

Still unreachable

The connection could not be restored.

Session expired

The server has moved on; the page needs a fresh start.